 Dungeon Crawl Stone Soup version 0.18.1-48-g4cf74bf (console) character file.

3952 Kloppie the Carver (level 10, -3/91 HPs)
             Began as a Minotaur Skald on July 6, 2016.
             Was a Believer of Makhleb.
             Slain by a gnoll sergeant
             ... wielding a +0 trident
              (7 damage)
             ... on level 8 of the Dungeon.
             The game lasted 00:13:45 (7728 turns).

Kloppie the Carver (Minotaur Skald)                 Turns: 7728, Time: 00:13:46

Health: -3/91      AC: 10    Str: 17    XL:     10   Next: 2%
Magic:  11/11      EV: 11    Int:  9    God:    Makhleb [**....]
Gold:   517        SH:  0    Dex: 13    Spells: 2 memorised, 8 levels left

rFire  . . .     SeeInvis .     a - +1 falchion
rCold  . . .     Gourm    .     t - +3 leather armour
rNeg   . . .     Faith    +     (no shield)
rPois  .         Spirit   .     (helmet restricted)
rElec  .         Dismiss  .     (no cloak)
rCorr  +         Reflect  .     k - +2 pair of gloves
SustAt .         Harm     .     (no boots)
MR     .....                    A - amulet of faith
Stlth  +.........               v - ring of resist corrosion
                                w - ring of flight

@: about to teleport, not resistant to hostile enchantments, very unstealthy
A: retaliatory headbutt, horns 2
a: Minor Destruction, Renounce Religion, Evoke Flight


You were on level 8 of the Dungeon.
You worshipped Makhleb.
Makhleb was pleased with you.
You were not hungry.

You visited 2 branches of the dungeon, and saw 9 of its levels.
You also visited: Sewer.

You collected 517 gold pieces.

Inventory:

Hand Weapons
 a - a +1 falchion (weapon)
Armour
 k - a +2 pair of gloves (worn)
 t - a +3 leather armour (worn)
 x - a +1 buckler
Jewellery
 f - a +2 amulet of reflection
 v - a ring of resist corrosion (right hand)
 w - a ring of flight (left hand)
 A - an amulet of faith (around neck)
Wands
 y - a wand of iceblast (15/15)
Scrolls
 b - a scroll of fog
 i - 2 scrolls of amnesia
 j - 5 scrolls of teleportation
 m - 3 scrolls of magic mapping
 p - a scroll of remove curse
 z - a scroll of recharging
Potions
 e - 2 potions of brilliance
 g - a potion of cure mutation {unknown}
 l - 2 potions of flight
 q - 2 potions of berserk rage {unknown}
 s - a potion of might {unknown}
 u - a potion of cancellation {unknown}
Books
 c - a book of Battle

   Spells                             Type                      Level
   a - Infusion                       Charms                       1
   b - Shroud of Golubria             Charms/Translocation         2
   c - Song of Slaying                Charms                       2
   d - Spectral Weapon                Hexes/Charms                 3
   e - Regeneration                   Charms/Necromancy            3
Comestibles
 d - 9 bread rations
 n - a royal jelly
 o - 2 fruits


   Skills:
 - Level 9.0 Fighting
 + Level 12.2 Long Blades
 - Level 8.5 Armour
 - Level 1.1 Dodging
 - Level 1.3 Spellcasting
 - Level 2.0 Charms


You had 8 spell levels left.
You knew the following spells:

 Your Spells              Type           Power        Failure   Level  Hunger
a - Infusion              Chrm           #...         21%         1    ##.....
b - Shroud of Golubria    Chrm/Tloc      #.........   47%         2    ###....


Dungeon Overview and Level Annotations

Branches:
Dungeon (8/15)             Temple (1/1) D:7
   Lair: D:8-11

Altars:
Ashenzari
Elyvilon
Makhleb
The Shining One

Shops:
D:6 [

Annotations:
D:8 Eustachio


Innate Abilities, Weirdness & Mutations

You reflexively headbutt those who attack you in melee.
You have a pair of horns on your head.


Message History

* * * LOW HITPOINT WARNING * * *
The orc warrior hits you with a long sword!
* * * LOW HITPOINT WARNING * * *
Drink which item? (? for menu, Esc to quit)
You feel better.
The gnoll sergeant hits you but does no damage.
Eustachio mumbles some strange words.
The gnoll sergeant hits you but does no damage.
The orc warrior hits you with a long sword.
* * * LOW HITPOINT WARNING * * *
Read which item? (? for menu, Esc to quit)
As you read the scroll of teleportation, it crumbles to dust.
You feel strangely unstable.
The gnoll sergeant hits you but does no damage.
The gnoll sergeant hits you with a trident!
* * * LOW HITPOINT WARNING * * *
The gnoll sergeant hits you with a trident.
* * * LOW HITPOINT WARNING * * *
The gnoll sergeant hits you from afar with a trident!
You die...

#.#.#.###+##.#.#####
..................>#
#†#.#.......##.###.#####
#.#.#.##....##.#.......#####
..#.#.......##.............#
###.##......####.###..g... #
................rg....###..#
#...####.#######g###..#^#..#
#.### #.# #@ogr..## #.# #.#
####(.......# #.# #.#
..........# #.# #.#
###........# .# #.#
########## ## #.# #.#


You could see an orc warrior, 3 gnoll sergeants, a river rat and a rat.

Vanquished Creatures
  The ghost of mrfool the Skirmisher, a novice OgBe of Trog (D:5)
  The ghost of mrfool the Insei, a novice DsBe of Trog (D:4)
  Sigmund (D:4)
  Menkaure (D:6)
  A hippogriff (D:7)
  A water moccasin (D:6)
  An orc warrior (D:7)
  Duvessa (D:4)
  2 sky beasts
  Purgy (Sewer)
  An ogre (D:6)
  A centaur (D:7)
  2 giant frogs
  Dowan (D:4)
  5 scorpions (D:4)
  9 killer bees
  2 howler monkeys (D:5)
  A quasit (D:8)
  2 centaur skeletons
  2 crimson imps
  4 orc priests
  A hound (D:5)
  A jelly (D:5)
  9 orc wizards
  2 giant frog skeletons
  Jessica (D:2)
  Terence (D:2)
  3 worker ants
  5 gnolls (D:7)
  16 adders
  3 shadow imps
  2 adder skeletons (D:4)
  An adder zombie (D:5)
  2 worms
  8 giant geckos
  27 orcs
  5 giant cockroaches
  3 goblins
  5 hobgoblins
  4 jackals (D:3)
  6 kobolds
  13 bats
  A giant gecko skeleton (D:4)
  8 giant newts
  10 rats
  A fungus (D:4)
179 creatures vanquished.

Notes
Turn   | Place    | Note
--------------------------------------------------------------
     0 | D:1      | Kloppie the Minotaur Skald began the quest for the Orb.
     0 | D:1      | Reached XP level 1. HP: 18/18 MP: 1/1
    49 | D:1      | Reached skill level 3 in Long Blades
    49 | D:1      | Reached XP level 2. HP: 20/25 MP: 3/3
   705 | D:2      | Noticed Terence
   722 | D:2      | Killed Terence
   722 | D:2      | Reached XP level 3. HP: 27/30 MP: 4/4
   909 | D:2      | Noticed Jessica
   915 | D:2      | Killed Jessica
   915 | D:2      | Reached skill level 4 in Long Blades
   915 | D:2      | Reached XP level 4. HP: 35/38 MP: 5/5
  1393 | D:2      | Reached XP level 5. HP: 32/46 MP: 6/6
  1592 | D:3      | Found a glowing drain.
  1603 | Sewer    | Entered a sewer
  1629 | Sewer    | Noticed Purgy
  1677 | Sewer    | Killed Purgy
  1677 | Sewer    | Reached skill level 5 in Long Blades
  1677 | Sewer    | Reached XP level 6. HP: 53/53 MP: 7/7
  2474 | D:3      | Learned a level 2 spell: Shroud of Golubria
  2643 | D:3      | Reached skill level 5 in Fighting
  2690 | D:4      | Noticed Sigmund
  2704 | D:4      | Killed Sigmund
  2704 | D:4      | Reached skill level 5 in Armour
  2704 | D:4      | Reached XP level 7. HP: 33/61 MP: 8/8
  2868 | D:4      | Noticed mrfool's ghost (novice DsBe)
  2914 | D:4      | Killed mrfool's ghost
  2914 | D:4      | Reached skill level 6 in Long Blades
  3210 | D:4      | Noticed Duvessa
  3220 | D:4      | Noticed Dowan
  3224 | D:4      | Killed Duvessa
  3224 | D:4      | Reached XP level 8. HP: 51/71 MP: 9/9
  3244 | D:4      | Killed Dowan
  3244 | D:4      | Reached skill level 7 in Long Blades
  4347 | D:4      | Found a burning altar of Makhleb.
  4571 | D:4      | Became a worshipper of Makhleb the Destroyer
  4613 | D:5      | Entered Level 5 of the Dungeon
  4657 | D:5      | Reached skill level 8 in Long Blades
  4852 | D:5      | Noticed mrfool's ghost (novice OgBe)
  4871 | D:5      | Killed mrfool's ghost
  4871 | D:5      | Reached XP level 9. HP: 56/82 MP: 0/10
  5111 | D:5      | Reached skill level 9 in Long Blades
  5551 | D:6      | Noticed Menkaure
  5563 | D:6      | Killed Menkaure
  6018 | D:6      | Found Zaxzicru's Armour Emporium.
  6428 | D:6      | Reached skill level 10 in Long Blades
  6747 | D:7      | Reached * piety under Makhleb
  6747 | D:7      | Reached skill level 11 in Long Blades
  6813 | D:7      | Found a staircase to the Ecumenical Temple.
  6837 | Temple   | Entered the Ecumenical Temple
  7105 | D:7      | Found a white marble altar of Elyvilon.
  7105 | D:7      | Found a shattered altar of Ashenzari.
  7396 | D:7      | Found a glowing golden altar of the Shining One.
  7521 | D:8      | Reached skill level 12 in Long Blades
  7533 | D:8      | Reached ** piety under Makhleb
  7538 | D:8      | Reached XP level 10. HP: 85/91 MP: 11/11
  7701 | D:8      | Noticed Eustachio
  7728 | D:8      | HP: 4/91 [gnoll sergeant/trident (4)]
  7728 | D:8      | Slain by a gnoll sergeant

Skill      XL: |  1  2  3  4  5  6  7  8  9 |
---------------+----------------------------+-----
Long Blades    | 3 4 5 6 8 12 | 12.2
Armour         | 2 3 4 5 6 8 |  8.5
Fighting       | 3 4 5 6 8 9 |  9.0
Dodging        | |  1.1
Spellcasting   | |  1.3
Charms         | |  2.0

Action                   |  1- 3 |  4- 6 |  7- 9 | 10-12 || total
-------------------------+-------+-------+-------+-------++-------
Melee: Falchion          |    66 |   196 |   441 |    21 ||   724
       Headbutt          |     7 |    25 |    82 |     4 ||   118
 Cast: Infusion          |       |       |     2 |       ||     2
  Use: Scroll            |       |     4 |    11 |     1 ||    16
       Potion            |       |     1 |     4 |     2 ||     7
 Stab: Held in net/web   |       |       |     3 |       ||     3
       Distracted        |       |       |     2 |       ||     2
       Sleeping          |       |       |     1 |       ||     1
  Eat: Chunk             |       |     6 |    14 |       ||    20
       Royal jelly       |       |       |     1 |       ||     1
Armor: Leather armour    |    29 |       |   107 |    16 ||   152
       Scale mail        |     8 |   121 |    29 |       ||   158
       Skin              |       |    56 |    18 |       ||    74
Dodge: Dodged            |    38 |   102 |   183 |    22 ||   345
Block: Other             |       |       |    18 |       ||    18
